 Dungeon Crawl Stone Soup version 0.29.1-1-gd02db6906a (webtiles) character file.

Game seed: 4841502285481726988

964 Icepheonix32 the Covered (level 7, -3/61 HPs)
             Began as a Minotaur Fighter on Oct 6, 2022.
             Killed by divine providence
             ... invoked by an orc priest
              (10 damage)
             ... on level 5 of the Dungeon.
             The game lasted 00:05:57 (4414 turns).

Icepheonix32 the Covered (Minotaur Fighter)         Turns: 4414, Time: 00:05:58

Health: -3/61      AC: 10    Str: 20    XL:     7   Next: 93%
Magic:  6/6        EV: 10    Int:  5    God:
Gold:   218        SH:  0    Dex: 12    Spells: 5/6 levels left

rFire   . . .      SeeInvis .   v - +2 great sword (elec)
rCold   . . .      Faith    .   (shield currently unavailable)
rNeg    . . .      Spirit   .   b - +0 scale mail
rPois   .          Reflect  .   (helmet restricted)
rElec   +          Harm     .   u - +0 cloak
rCorr   .          Rampage  .   h - +0 pair of gloves
Will    .....                   (no boots)
Stlth   ..........              (no amulet)
HPRegen 0.20/turn               (no ring)
MPRegen 0.10/turn               (no ring)

@: no status effects
A: horns 2, retaliatory headbutt, talons 1, mutation resistance 1, electricity
resistance
a: no special abilities


You were on level 5 of the Dungeon.
You visited 1 branch of the dungeon, and saw 5 of its levels.

You collected 218 gold pieces.

Inventory:

Hand Weapons
 a - a +0 war axe
 e - the +0 hand axe of Interdependent Arising {chaos, Str+4}
   (You found it on level 3 of the Dungeon)

   Each time it hits an enemy it has a different, random effect.
   Str:       It affects your strength (+4).
 n - a +4 dagger
 v - a +2 great sword of electrocution (weapon)
Missiles
 g - a throwing net (quivered)
Armour
 b - a +0 scale mail (worn)
 c - a +0 buckler
 h - a +0 pair of gloves (worn)
 u - a +0 cloak (worn)
 x - a +0 chain mail of cold resistance
Magical Staves
 s - a staff of air
Jewellery
 t - a ring of magical power
Wands
 y - a wand of polymorph (13)
 A - a wand of mindburst (12)
Scrolls
 d - a scroll of fear {unknown}
 f - a scroll of teleportation
 i - a scroll of vulnerability
 j - a scroll of immolation
 k - a scroll of enchant armour
 l - 3 scrolls of amnesia
 o - a scroll of identify
 q - a scroll of poison {unknown}
Potions
 m - 4 potions of curing
 p - a potion of heal wounds
 r - a potion of invisibility
 w - a potion of attraction
 z - a potion of might


   Skills:
 + Level 5.1 Fighting
 - Level 2.4(3.1) Short Blades
 + Level 3.0(3.5) Long Blades
 - Level 3.4 Axes
 + Level 6.6 Armour
 + Level 1.6 Dodging
 + Level 1.8 Stealth
 + Level 4.5 Shields
 + Level 0.2 Spellcasting
 * Level 3.1 Earth Magic


You had 5 spell levels left.
You knew the following spells:

 Your Spells              Type           Power      Damage    Failure   Level
a - Sandblast             Erth           6%         2d5       36%         1

Your spell library contained the following spells:

 Spells                   Type           Power      Damage    Failure   Level
 Passwall                 Tmut/Erth      0%         N/A       73%         2
 Stone Arrow              Conj/Erth      2%         3d7       91%         3
 Gell's Gravitas          Tloc           0%         N/A       99%         3
 Teleport Other           Tloc           0%         N/A       99%         3
 Dispersal                Tloc           0%         N/A       100%        6


Dungeon Overview and Level Annotations

Branches:
Dungeon (5/15)
 Temple: D:4-7

Altars:


Innate Abilities, Weirdness & Mutations

You have a pair of horns on your head.
You reflexively headbutt those who attack you in melee.
You have sharp toenails.
You are somewhat resistant to further mutation.
You are resistant to electric shocks. (rElec)


Message History

Lightning courses through the orc priest!
You kill the orc priest!
The orc hits you with a +0 short sword.
Unknown command.
You slice the orc wizard!!
You kill the orc wizard!
The orc barely misses you. The orc completely misses you.
You furiously retaliate!
You headbutt the orc, but do no damage. The orc hits you but does no damage.
The orc hits you with a +4 flail.
Your Long Blades skill increases to level 3!
Unknown command.
You closely miss the orc priest. Your kick misses the orc priest.
The orc priest barely misses you. The orc hits you with a +0 short sword.
The orc barely misses you. You furiously retaliate!
You headbutt the orc, but do no damage. The orc barely misses you.
You furiously retaliate!
You headbutt the orc. The orc hits you but does no damage.
The orc priest hits you with a +0 whip. The orc hits you with a +4 flail.
The orc hits you but does no damage.
Unknown command.
You barely miss the orc. Your kick misses the orc.
The orc is severely wounded.
The orc hits you but does no damage.
The orc priest hits you but does no damage.
The orc hits you but does no damage. The orc hits you with a +4 flail!
The orc hits you but does no damage. x2
Unknown command.
You are too injured to fight recklessly!
You hit the orc priest but do no damage.
Your kick misses the orc priest.
The orc priest mumbles some strange prayers to Beogh against you.
Beogh smites you!
* * * LOW HITPOINT WARNING * * *
The orc hits you with a +0 short sword.
* * * LOW HITPOINT WARNING * * *
The orc barely misses you. The orc closely misses you.
The orc barely misses you. The orc hits you with a +0 short sword.
* * * LOW HITPOINT WARNING * * *
The orc priest calls down the wrath of Beogh upon you.
Beogh smites you!
You die...

#.......##.#.........###..
#.......##.+........
#.......####....####
#.......####.....#
..?........##....#
...........# ...
...........##....
.........).......
.......#o@o..!...
.......#ooo......
.[.....#$........
.......#......... .$...
#......... #... ..........
.......... ...........


You could see an orc priest and 4 orcs.

Vanquished Creatures
  Prince Ribbit (D:5)
  Sigmund (D:5)
  Menkaure (D:4)
  A scorpion (D:5)
  4 hounds
  2 jellies
  An orc priest (D:5)
  2 orc wizards
  Robin (D:3)
  7 adders
  A white imp (D:3)
  An ufetubus (D:4)
  A worm (D:3)
  3 dart slugs (D:1)
  6 orcs
  8 endoplasms
  4 giant cockroaches
  10 goblins
  9 hobgoblins
  2 jackals (D:4)
  4 quokkas
  7 ball pythons
  3 bats (D:1)
  2 frilled lizards
  11 kobolds
  4 rats
97 creatures vanquished.

Vanquished Creatures (others)
  An endoplasm (D:2)
  8 plants (D:2)
9 creatures vanquished.

Grand Total: 106 creatures vanquished

Notes
Turn   | Place    | Note
-------+----------+-------------------------------------------
     0 | D:1      | Icepheonix32 the Minotaur Fighter began the quest for the
                  | Orb.
     0 | D:1      | Reached XP level 1. HP: 19/19 MP: 0/0
   167 | D:1      | Reached skill level 4 in Armour
   220 | D:1      | Reached XP level 2. HP: 27/27 MP: 1/1
   256 | D:1      | Learned a level 1 spell: Sandblast
   916 | D:2      | Reached XP level 3. HP: 29/33 MP: 2/2
  1231 | D:2      | Reached skill level 1 in Earth Magic
  1924 | D:3      | Reached skill level 1 in Stealth
  1924 | D:3      | Reached XP level 4. HP: 32/40 MP: 3/3
  2056 | D:3      | Noticed Robin
  2083 | D:3      | Killed Robin
  2084 | D:3      | Reached skill level 1 in Short Blades
  2304 | D:3      | Gained mutation: You have sharp toenails. [potion of
                  | mutation]
  2304 | D:3      | Gained mutation: You are resistant to electric shocks.
                  | (rElec) [potion of mutation]
  2304 | D:3      | Gained mutation: You are somewhat resistant to further
                  | mutation. [potion of mutation]
  2455 | D:3      | Identified the +0 hand axe of Interdependent Arising
                  | {chaos, Str+4}
  2580 | D:3      | Reached XP level 5. HP: 46/46 MP: 4/4
  3121 | D:4      | Noticed Menkaure
  3138 | D:4      | Killed Menkaure
  3139 | D:4      | Reached skill level 5 in Armour
  3139 | D:4      | Reached XP level 6. HP: 24/53 MP: 5/5
  3412 | D:4      | Reached skill level 1 in Dodging
  4110 | D:5      | Entered Level 5 of the Dungeon
  4246 | D:5      | Noticed Sigmund
  4254 | D:5      | Killed Sigmund
  4255 | D:5      | Reached skill level 1 in Long Blades
  4255 | D:5      | Reached XP level 7. HP: 60/60 MP: 6/6
  4310 | D:5      | Noticed Prince Ribbit
  4314 | D:5      | Killed Prince Ribbit
  4315 | D:5      | Reached skill level 5 in Fighting
  4315 | D:5      | Reached skill level 6 in Armour
  4414 | D:5      | Killed from afar by an orc priest

Illustrated notes

Levels and vault maps discovered:
D:1:      minmay_arrival_checkered_box, layout_basic
D:2:      cheibrodos_old_hovel, layout_loops_ring, lexackson_kobold_supper
D:3:      layout_basic, uniq_robin
D:4:      layout_loops_ring, palyth_stone_intersect, uniq_menkaure
D:5:      layout_basic, trog_hazing_becter, skrybe_limestone_x,
          minmay_crystal_room, saegor_snake_ambush, uniq_prince_ribbit1,
          uniq_crazy_yiuf_cottage, uniq_sigmund

Skill      XL: |  1  2  3  4  5  6  7 |
---------------+----------------------+-----
Armour         | 4 5 6 |  6.6
Fighting       | 4 5 |  5.1
Shields        | 4 |  4.5
Earth Magic    | 1 2 3 |  3.1
Stealth        | 1 |  1.8
Short Blades   | 1 2 |  2.4
Axes           | 3 |  3.4
Dodging        | 1 |  1.6
Long Blades    | 1 3 |  3.0
Spellcasting   | |  0.2

Action                   |  1- 3 |  4- 6 |  7- 9 || total
-------------------------+-------+-------+-------++-------
Melee: War axe           |    32 |       |       ||    32
       Headbutt          |    16 |    10 |     4 ||    30
       Dagger            |    66 |    33 |       ||    99
       Hand axe          |       |    42 |       ||    42
       Kick              |       |    19 |     1 ||    20
       Great sword       |       |    23 |    18 ||    41
Throw: Throwing net      |     1 |       |       ||     1
 Cast: Sandblast         |       |     2 |       ||     2
  Use: Scroll            |       |     8 |       ||     8
       Potion            |       |     6 |       ||     6
Armor: Scale mail        |    45 |    45 |    22 ||   112
       Skin              |       |     6 |       ||     6
Dodge: Dodged            |    37 |    40 |    25 ||   102
Block: Buckler           |    16 |    17 |       ||    33
